 Dungeon Crawl Stone Soup version 0.29.1-1-gd02db6906a (webtiles) character file.

Game seed: 8824436616908072002

1271 SSird the Shooter (level 8, 0/64 HPs)
             Began as a Gnoll Wanderer on Oct 6, 2022.
             Splashed by a jelly's acid (8 damage)
             ... on level 6 of the Dungeon.
             The game lasted 00:12:38 (6240 turns).

SSird the Shooter (Gnoll Wanderer)                  Turns: 6240, Time: 00:12:38

Health: 0/64       AC:  2    Str: 14    XL:     8   Next: 53%
Magic:  13/13      EV: 12    Int: 10    God:
Gold:   11         SH:  0    Dex: 13    Spells: 14/14 levels left

rFire   + . .      SeeInvis .   b - +0 dire flail (vorpal)
rCold   . . .      Faith    .   (shield currently unavailable)
rNeg    . . .      Spirit   .   u - +1 leather armour {rF+}
rPois   .          Reflect  .   (no helmet)
rElec   .          Harm     .   C - +0 cloak
rCorr   .          Rampage  .   (no gloves)
Will    .....                   (no boots)
Stlth   ++........              (no amulet)
HPRegen 0.20/turn               (no ring)
MPRegen 0.13/turn               (no ring)

@: about to teleport, corroded
A: fangs 1, strong nose, distributed training
a: no special abilities


You were on level 6 of the Dungeon.
You visited 2 branches of the dungeon, and saw 7 of its levels.

You collected 275 gold pieces.
You spent 264 gold pieces at shops.

Inventory:

Hand Weapons
 a - a +5 sling
 b - a +0 vorpal dire flail (weapon)
 i - a +0 mace
Armour
 c - the +1 chain mail of Utwot {+Blink rPois Regen+ Str-4}
   (You bought it in a shop on level 4 of the Dungeon)

   Str:       It affects your strength (-4).
   rPois:     It protects you from poison.
   +Blink:    It lets you blink.
   Regen:     It increases your rate of health regeneration.
 u - a +1 leather armour of fire resistance (worn)
 C - a +0 cloak (worn)
Jewellery
 o - an amulet of reflection
 v - a ring of wizardry
Wands
 s - a wand of paralysis (5)
Scrolls
 d - a scroll of silence
 f - a scroll of fear
 j - a scroll of vulnerability
 q - a scroll of identify
 r - 2 scrolls of enchant weapon
 y - a scroll of blinking {unknown}
 z - 2 scrolls of enchant armour {unknown}
 A - a scroll of noise {unknown}
Potions
 e - a potion of brilliance
 g - 3 potions of heal wounds
 t - a potion of magic
 x - a potion of curing
 B - a potion of berserk rage


   Skills:
 + Level 5.8 Fighting
 + Level 3.5 Short Blades
 + Level 3.5 Long Blades
 + Level 3.5 Axes
 + Level 5.8 Maces & Flails
 + Level 3.5 Polearms
 + Level 3.5 Staves
 + Level 7.5 Ranged Weapons
 + Level 4.4 Throwing
 + Level 5.8 Armour
 + Level 3.5 Dodging
 + Level 3.5 Stealth
 + Level 3.5 Shields
 + Level 3.5 Unarmed Combat
 + Level 3.5 Spellcasting
 + Level 2.8 Conjurations
 + Level 2.8 Hexes
 + Level 2.8 Summonings
 + Level 2.8 Necromancy
 + Level 2.8 Translocations
 + Level 2.8 Transmutations
 + Level 2.8 Fire Magic
 + Level 2.8 Ice Magic
 + Level 2.8 Air Magic
 + Level 2.8 Earth Magic
 + Level 2.8 Poison Magic
 + Level 3.8 Invocations
 + Level 3.5 Evocations


You had 14 spell levels left.
You didn't know any spells.
Your spell library contained the following spells:

 Spells                   Type           Power      Damage    Failure   Level
 Magic Dart               Conj           28%        1d4       10%         1
 Blink                    Tloc           14%        N/A       16%         2
 Sublimation of Blood     Necr           7%         N/A       16%         2
 Confusing Touch          Hex            7%         N/A       30%         3
 Gell's Gravitas          Tloc           7%         N/A       30%         3
 Lesser Beckoning         Tloc           7%         N/A       30%         3
 Ozocubu's Armour         Ice            7%         N/A       30%         3
 Teleport Other           Tloc           7%         N/A       30%         3
 Petrify                  Tmut/Erth      7%         N/A       69%         4
 Irradiate                Conj/Tmut      3%         3d12      95%         5
 Manifold Assault         Tloc           7%         N/A       95%         5
 Metabolic Englaciation   Hex/Ice        3%         N/A       95%         5
 Yara's Violent Unravell  Hex/Tmut       3%         3d4       95%         5
 Dispersal                Tloc           3%         N/A       100%        6
 Simulacrum               Ice/Necr       3%         N/A       100%        6
 Enfeeble                 Hex            3%         N/A       100%        7


Dungeon Overview and Level Annotations

Branches:
Dungeon (6/15)             Temple (1/1) D:4

Altars:
Ashenzari
Cheibriados
Fedhas
Gozag
Kikubaaqudgha
Makhleb
Ru
Sif Muna
Trog
Vehumet
Wu Jian
Yredelemnul
The Shining One

Shops:
D:4 ![*


Innate Abilities, Weirdness & Mutations

You have very sharp teeth.
Your uncanny sense of smell can sniff out nearby items.
Your experience applies equally to all skills.


Message History

You kill the ufetubus!
You hear the slow rusting of a drain nearby.
A gnoll comes into view. It is wielding a +0 halberd.
Found a stone staircase leading up.
The gnoll shouts!
You hear a howl!
A gnoll comes into view. It is wielding a +0 flail.
A howler monkey comes into view.
The howler monkey hoots and howls with incredible vigour!
You hear a shout! x3; You hear an angry hiss.
You hear a shout! x2
The howler monkey hoots and howls with incredible vigour!
Found an escape hatch in the floor.
A jelly comes into view.
The howler monkey hoots and howls with incredible vigour!
You hear an angry hiss.
You hear a shout!
The jelly attacks as you move away! The jelly barely misses you.
The howler monkey closely misses you. The gnoll closely misses you.
The howler monkey attacks as you move away!
The howler monkey barely misses you. The jelly attacks as you move away!
The jelly hits you but does no damage.
A gnoll sergeant comes into view. It is wielding a +0 spear.
An orc warrior comes into view. It is wielding a +0 long sword.
The orc warrior shouts!
You hear a shout!
The howler monkey misses you.
As you read the scroll of teleportation, it crumbles to dust.
You feel strangely unstable.
The howler monkey hoots and howls with incredible vigour!
A gnoll comes into view. It is wielding a +0 halberd.
The jelly hits you. The acid corrodes you!
You are splashed with acid.
* * * LOW HITPOINT WARNING * * *
The gnoll hits you from afar with a +0 halberd.
* * * LOW HITPOINT WARNING * * *
The orc warrior unwields a +0 long sword.
The orc warrior wields a +0 arbalest.
The orc warrior shoots a bolt.
The bolt barely misses you.
You hear a shout! x2; You hear an angry hiss.
Unknown command.
The jelly attacks as you move away! The jelly hits you.
* * * LOW HITPOINT WARNING * * *
You are splashed with acid!
You die...

***,##.#.#.......##.........,,**
**,,#............####,..,,,,,,*
,,,,,........#......##g.,,,,>**
*,,,,...................,,,,**
*****.####..........g#..,,,,*
*~~****~~##.............,****
~~~~~~~~~~#.............,,,******
*~~****~~##.##..........,,,,,,,,,
*~**~~**~#..##gh@......#*,,*,****
*~~~~∩~*~#.....J#..##o..***,,,***
*~~~~~~*~#......##.#,,,,*~~,,,~~*
****~~**~#....###*##*,,,*~,,*,,~*
*~~****~~##...#*** **,,,,,,,,,,,
~~~~~~~~~~#......#* *,,,,*,_,*,,
*~~****~~*#.......# ***,,,,,,,,,
**** *****>......## **~,,*,,~*
**,,,......### *~~,,,~~*


You could see an orc warrior, a gnoll sergeant, a howler monkey (catching
breath), a jelly and 2 gnolls.

Vanquished Creatures
  Edmund (D:5)
  2 water moccasins (D:5)
  An ogre (D:5)
  A bullfrog (D:6)
  4 necrophages
  A water moccasin zombie (D:5)
  2 scorpions (D:5)
  A howler monkey (D:4)
  A hound (D:5)
  A bullfrog zombie (D:5)
  An iguana (D:5)
  A scorpion zombie (D:5)
  Ijyb (D:3)
  2 orc wizards (D:5)
  A hound zombie (D:5)
  4 adders
  An ufetubus (D:6)
  2 worms
  A dart slug (D:4)
  11 orcs
  7 endoplasms
  4 giant cockroaches
  11 goblins
  6 hobgoblins
  3 kobolds
  A quokka (D:3)
  8 ball pythons
  7 bats
  6 frilled lizards
  2 rats
95 creatures vanquished.

Vanquished Creatures (others)
  An orc (D:5)
  7 bushes (D:5)
  13 plants (D:5)
21 creatures vanquished.

Grand Total: 116 creatures vanquished

Notes
Turn   | Place    | Note
-------+----------+-------------------------------------------
     0 | D:1      | SSird the Gnoll Wanderer began the quest for the Orb.
     0 | D:1      | SSird set off with the following items: a +2 sling, a +0
                  | mace, a +0 scale mail, a scroll of silence.
     0 | D:1      | Reached XP level 1. HP: 20/20 MP: 1/1
    50 | D:1      | Found a faded altar of an unknown god.
   145 | D:1      | Reached XP level 2. HP: 26/26 MP: 2/2
   336 | D:1      | Reached XP level 3. HP: 25/31 MP: 3/3
   881 | D:2      | Reached skill level 1 in Invocations
   983 | D:2      | Reached skill level 1 in Short Blades
   983 | D:2      | Reached skill level 1 in Long Blades
   983 | D:2      | Reached skill level 1 in Axes
   983 | D:2      | Reached skill level 1 in Polearms
   983 | D:2      | Reached skill level 1 in Staves
   983 | D:2      | Reached skill level 1 in Dodging
   983 | D:2      | Reached skill level 1 in Stealth
   983 | D:2      | Reached skill level 1 in Shields
   983 | D:2      | Reached skill level 1 in Unarmed Combat
   983 | D:2      | Reached skill level 1 in Spellcasting
   983 | D:2      | Reached skill level 1 in Evocations
  1626 | D:3      | Reached XP level 4. HP: 38/38 MP: 5/5
  1701 | D:3      | Noticed Ijyb
  1707 | D:3      | Paralysed by Ijyb for 4 turns
  1719 | D:3      | Paralysed by Ijyb for 5 turns
  1727 | D:3      | Killed Ijyb
  1728 | D:3      | Reached skill level 1 in Conjurations
  1728 | D:3      | Reached skill level 1 in Hexes
  1728 | D:3      | Reached skill level 1 in Summonings
  1728 | D:3      | Reached skill level 1 in Necromancy
  1728 | D:3      | Reached skill level 1 in Translocations
  1728 | D:3      | Reached skill level 1 in Transmutations
  1728 | D:3      | Reached skill level 1 in Fire Magic
  1728 | D:3      | Reached skill level 1 in Ice Magic
  1728 | D:3      | Reached skill level 1 in Air Magic
  1728 | D:3      | Reached skill level 1 in Earth Magic
  1728 | D:3      | Reached skill level 1 in Poison Magic
  1941 | D:3      | You fall into a shaft and drop 2 floors!
  1941 | D:5      | Entered Level 5 of the Dungeon
  2206 | D:3      | Found a burning altar of Makhleb.
  2206 | D:3      | Noticed a cacodemon
  2462 | D:4      | Found Huibror's General Store.
  2487 | D:4      | Found a staircase to the Ecumenical Temple.
  2496 | Temple   | Entered the Ecumenical Temple
  2541 | D:4      | Reached XP level 5. HP: 43/43 MP: 7/7
  2634 | D:4      | Found Taonis's Antique Armour Emporium.
  2653 | D:4      | Found Viuneku's Distillery.
  2661 | D:4      | Bought a potion of heal wounds for 65 gold pieces
  3404 | D:5      | Noticed Edmund
  3484 | D:5      | Noticed a water moccasin
  3498 | D:5      | Killed a water moccasin
  3499 | D:5      | Reached skill level 5 in Fighting
  3499 | D:5      | Reached skill level 5 in Maces & Flails
  3499 | D:5      | Reached skill level 5 in Armour
  3499 | D:5      | Reached XP level 6. HP: 11/51 MP: 7/9
  4197 | D:5      | Reached skill level 7 in Ranged Weapons
  4197 | D:5      | Reached XP level 7. HP: 44/56 MP: 10/10
  5003 | D:5      | Found a blossoming altar of Fedhas.
  5016 | D:4      | Bought a distressingly furry chain mail for 199 gold pieces
  5016 | D:4      | Identified the +1 chain mail of Utwot {+Blink rPois Regen+
                  | Str-4} (You bought it in a shop on level 4 of the Dungeon)
  5279 | D:5      | Reached XP level 8. HP: 39/63 MP: 12/12
  5461 | D:5      | Found a radiant altar of Vehumet.
  5464 | D:5      | Got Vehumet's Codex of Conjury
  5466 | D:5      | Found an ancient bone altar of Kikubaaqudgha.
  5467 | D:5      | Found a shimmering blue altar of Sif Muna.
  5626 | D:5      | Killed Edmund
  5934 | D:5      | Found an opulent altar of Gozag.
  6160 | D:6      | Found a broken altar of Ashenzari.
  6240 | D:6      | Splashed by a jelly's acid

Illustrated notes

Levels and vault maps discovered:
D:1:      evilmike_arrival_hilbert_curve, layout_basic,
          hellmonk_ecumenical_altar_heavens_door
D:2:      layout_loops_ring, minmay_tromino_v4_b
D:3:      layout_basic, makhleb_altar_promises_db, item_on_display_a, uniq_ijyb
D:4:      layout_layer_cave, minmay_temple_entry_sparse_star, serial_shops,
          nicolae_take_the_stairs, shop, shop, dk_noncrumbling_4
D:5:      layout_loops_corners, grunt_temple_overflow_magic_moments,
          fedhas_altar_decomposition, mainiacjoe_overflow_surrounded_room,
          uniq_edmund
D:6:      layout_cave_pools, elyvilon_altar_4, evilmike_ruin_ashenzari,
          gup_sewer_entry_bubbles
Temple:   hellmonk_temple_micro_hex

Skill      XL: |  1  2  3  4  5  6  7 |
---------------+----------------------+-----
Invocations    | 1 2 3 |  3.8
Short Blades   | 1 2 3 |  3.5
Long Blades    | 1 2 3 |  3.5
Axes           | 1 2 3 |  3.5
Polearms       | 1 2 3 |  3.5
Staves         | 1 2 3 |  3.5
Dodging        | 1 2 3 |  3.5
Stealth        | 1 2 3 |  3.5
Shields        | 1 2 3 |  3.5
Unarmed Combat | 1 2 3 |  3.5
Spellcasting   | 1 2 3 |  3.5
Evocations     | 1 2 3 |  3.5
Conjurations   | 1 2 |  2.8
Hexes          | 1 2 |  2.8
Summonings     | 1 2 |  2.8
Necromancy     | 1 2 |  2.8
Translocations | 1 2 |  2.8
Transmutations | 1 2 |  2.8
Fire Magic     | 1 2 |  2.8
Ice Magic      | 1 2 |  2.8
Air Magic      | 1 2 |  2.8
Earth Magic    | 1 2 |  2.8
Poison Magic   | 1 2 |  2.8
Throwing       | 3 4 |  4.4
Fighting       | 5 |  5.8
Maces & Flails | 5 |  5.8
Armour         | 5 |  5.8
Ranged Weapons | 7 |  7.5

Action                   |  1- 3 |  4- 6 |  7- 9 || total
-------------------------+-------+-------+-------++-------
Melee: Mace              |     4 |    11 |    83 ||    98
       Bite              |       |       |    10 ||    10
       Punch             |       |       |     7 ||     7
       Dire flail        |       |       |    27 ||    27
 Fire: Sling             |   125 |   106 |    55 ||   286
  Use: Potion            |       |     3 |     2 ||     5
       Scroll            |       |     1 |    10 ||    11
 Stab: Sleeping          |       |       |     1 ||     1
Armor: Scale mail        |    34 |     4 |       ||    38
       Leather armour    |       |     8 |    33 ||    41
       Skin              |       |       |    22 ||    22
Dodge: Dodged            |    28 |    28 |    99 ||   155
